 Dungeon Crawl Stone Soup version 0.18.1-6-gd335043 (webtiles) character file.

131 M4edhros the Changer (level 4, -5/31 HPs)
             Began as a Vampire Transmuter on May 16, 2016.
             Slain by a worker ant (6 damage)
             ... on level 4 of the Dungeon.
             The game lasted 00:05:35 (751 turns).

M4edhros the Changer (Vampire Transmuter)            Turns: 751, Time: 00:05:36

Health: -5/31      AC:  2    Str: 10    XL:     4   Next: 91%
Magic:  2/7        EV: 12    Int: 15    God:
Gold:   75         SH:  0    Dex: 14    Spells: 2 memorised, 4 levels left

rFire  + + .     SeeInvis +       - Unarmed
rCold  . . .     Gourm    .     b - +0 robe
rNeg   . . .     Faith    .     (no shield)
rPois  +         Spirit   .     (no helmet)
rElec  +         Dismiss  .     (no cloak)
rCorr  +         Reflect  .     (no gloves)
SustAt .         Harm     .     (no boots)
MR     .....                    (no amulet)
Stlth  +.........               (no ring)
                                d - ring of fire

@: lethally poisoned (-5 -> -8), resistant, regenerating quickly, not resistant
to hostile enchantments, very unstealthy
A: fangs 3, see invisible, unbreathing
a: no special abilities


You were on level 4 of the Dungeon.
You were very full.

You visited 1 branch of the dungeon, and saw 4 of its levels.

You collected 75 gold pieces.

Inventory:

Missiles
 a - 20 arrows
Armour
 b - a +0 robe (worn)
 g - a pearl dragon hide
 i - a +0 large shield
Jewellery
 d - a ring of fire (left hand)
Scrolls
 e - 2 scrolls of remove curse
 j - a scroll of teleportation {unknown}
Potions
 h - 5 potions of blood
Books
 c - a book of Changes

   Spells                             Type                      Level
   a - Beastly Appendage              Transmutation                1
   b - Sticks to Snakes               Transmutation                2
   c - Spider Form                    Transmutation/Poison         3
   d - Ice Form                       Ice/Transmutation            4
   e - Blade Hands                    Transmutation                5
 f - a book of the Tempests

   Spells                             Type                      Level
   a - Static Discharge               Conjuration/Air              3
   b - Lightning Bolt                 Conjuration/Air              5
   c - Fireball                       Conjuration/Fire             5
   d - Tornado                        Air                          9
   e - Shatter                        Earth                        9


   Skills:
 - Level 0.8 Fighting
 - Level 2.1 Dodging
 + Level 4.5 Unarmed Combat
 - Level 2.0 Spellcasting
 * Level 4.7 Transmutations


You had 4 spell levels left.
You knew the following spells:

 Your Spells              Type           Power        Failure   Level  Hunger
a - Beastly Appendage     Trmt           ###...       3%          1    #......
b - Sticks to Snakes      Trmt           ###.....     6%          2    ###....


Dungeon Overview and Level Annotations

Branches:
Dungeon (4/15)
 Temple: D:4-7

Altars:
Ashenzari
Pakellas

Annotations:
D:2 Ijyb


Innate Abilities, Weirdness & Mutations

Your natural rate of healing is unusually fast.
You have razor-sharp teeth.
You have supernaturally acute eyesight.
You can survive without breathing.


Message History

The worker ant closely misses you.
You feel a bit more experienced.
Drink which item? (? for menu, Esc to quit)
It was a potion of resistance.
You feel protected. The worker ant bites you.
* * * LOW HITPOINT WARNING * * *
You are lethally poisoned!
The worker ant poisons you!
* * * LOW HITPOINT WARNING * * *
You feel sick.
* * * LOW HITPOINT WARNING * * *
You feel sick. The worker ant barely misses you.
* * * LOW HITPOINT WARNING * * *
You feel sick.
* * * LOW HITPOINT WARNING * * *
You feel sick.
* * * LOW HITPOINT WARNING * * *
You feel sick. The worker ant bites you.
You die...

#.# #.#.#
####.#
#.#.#
#....##
#...#
#...S.#
##..#
#.....#
#...#
#.....#
##..#
#....S#
....
#.....####
#...#
#.....a@.#
#$..#
##....##.#
#..#
###### .#
.# .# .#
.# .#


You could see a worker ant.

Vanquished Creatures
  A howler monkey (D:3)
  2 adders
  An ooze (D:3)
  A giant gecko (D:2)
  A giant cockroach (D:3)
  2 hobgoblins
  A jackal (D:1)
  5 kobolds
  A quokka (D:3)
  4 bats
  4 goblins
  A quokka skeleton (D:3)
  4 rats
28 creatures vanquished.

Vanquished Creatures (collateral kills)
  An ogre (D:4)
1 creature vanquished.

Grand Total: 29 creatures vanquished

Notes
Turn   | Place    | Note
--------------------------------------------------------------
     0 | D:1      | M4edhros the Vampire Transmuter began the quest for the Orb.
     0 | D:1      | Reached XP level 1. HP: 14/14 MP: 3/3
    88 | D:2      | Reached XP level 2. HP: 19/20 MP: 5/5
   108 | D:2      | HP: 1/20 [poisoned by an adder]
   116 | D:2      | HP: 1/20 [poisoned by an adder]
   184 | D:1      | Found a shattered altar of Ashenzari.
   312 | D:2      | Noticed Ijyb
   347 | D:1      | HP: 1/20 [adder (3)]
   352 | D:1      | Reached XP level 3. HP: 2/25 MP: 6/6
   503 | D:3      | Learned a level 2 spell: Sticks to Snakes
   546 | D:3      | Reached XP level 4. HP: 23/31 MP: 7/7
   620 | D:3      | Found an oddly glowing altar of Pakellas.
   711 | D:4      | Noticed an ogre
   743 | D:4      | Killed an ogre
   750 | D:4      | HP: 1/31 [poisoned by a worker ant]
   751 | D:4      | Slain by a worker ant

Skill      XL: |  1  2  3 |
---------------+----------+-----
Transmutations | 3 4 |  4.7
Unarmed Combat | 4 |  4.5
Fighting       | |  0.8
Dodging        | |  2.1
Spellcasting   | |  2.0

Action                   |  1- 3 |  4- 6 || total
-------------------------+-------+-------++-------
Melee: Unarmed           |    69 |    27 ||    96
       Bite              |     7 |     2 ||     9
 Cast: Sticks to Snakes  |       |     4 ||     4
  Use: Potion            |     9 |     2 ||    11
       Scroll            |     1 |       ||     1
 Stab: Invisible         |     2 |       ||     2
       Sleeping          |     1 |       ||     1
Armor: Robe              |     8 |     2 ||    10
Dodge: Dodged            |    62 |    18 ||    80
